AoeStats
← Fia Sare

Arabia

510237706Analyzed
1v1 RM · 3d ago on Sep 30, 2026· 23m 21s· 2 players
Game mode
Random Map
Map size
Tiny (2 player)
Population
200
Speed
Normal
Resources
Standard
Victory
Conquest
Starting age
Dark Age
Ending age
Imperial Age
RankedLock teamsTeams togetherTeam positionsShared explorationLock speedFull tech treeHidden civsTurbo modeCheats
Victory
Defeat
🇦🇷 Portuguese · Argentina
1174
+16
🇨🇳 Berbers · China
1164
-16
cdjkys
9:19 Feudal Age
9:34 Loom
11:25 Double-Bit Axe
11:57 Horse Collar
19:39 Castle Age
20:17 Padded Archer Armor
21:47 Bloodlines
22:46 Husbandry
22:59 Gold Mining
Fia Sare
6:50 Loom
10:17 Feudal Age
11:04 Double-Bit Axe
16:05 Fletching
22:05 Castle Age
20:29 Padded Archer Armor
20:46 Horse Collar
20:57 Gold Mining
22:46 Bodkin Arrow
22:12 Crossbowman
23:07 Bow Saw
Connection lost

Rejoining the realm…

Still unreachable

The connection could not be restored.

Session expired

The server has moved on; the page needs a fresh start.